AoeStats
← RIP

Black Forest

508918331Analyzed
2v2 RM · 21d ago on Sep 24, 2026· 48m 18s· 4 players
Game mode
Random Map
Map size
Medium (4 player)
Population
200
Speed
Normal
Resources
Standard
Victory
Conquest
Starting age
Dark Age
Ending age
Imperial Age
RankedLock teamsTeams togetherTeam positionsShared explorationLock speedFull tech treeHidden civsTurbo modeCheats
Victory
Defeat
🇮🇳 Franks · India
834
+16
🇵🇪 Vikings · Peru
769
+19
vs
🇵🇱 Poles · Poland
837
-18
🇺🇸 Magyars · United States
818
-41
kewin990
0:31 Loom
13:20 Feudal Age
13:58 Horse Collar
14:07 Double-Bit Axe
14:15 Stone Mining
14:26 Gold Mining
20:31 Castle Age
22:04 Heavy Plow
22:18 Bow Saw
22:47 Stone Shaft Mining
23:54 Wheelbarrow
24:12 Caravan
25:12 Fortified Wall
24:58 Murder Holes
26:51 Hand Cart
32:44 Imperial Age
30:39 Scale Barding Armor
30:35 Scale Mail Armor
30:35 Padded Archer Armor
30:25 Fletching
30:46 Forging
31:05 Masonry
31:28 Husbandry
31:26 Light Cavalry
32:16 Bloodlines
32:09 Squires
32:29 Elite Skirmisher
33:14 Thumb Ring
34:10 Crop Rotation
33:54 Crossbowman
35:30 Conscription
34:38 Pikeman
35:03 Arson
34:41 Cavalier
35:28 Arbalester
37:10 Hoardings
37:15 Chain Barding Armor
38:21 Chemistry
37:42 Ballistics
38:36 Chain Mail Armor
38:36 Leather Archer Armor
38:17 Bodkin Arrow
38:21 Elite Obuch
39:59 Iron Casting
39:55 Town Watch
41:15 Bracer
41:46 Plate Mail Armor
41:49 Coinage
41:32 Town Patrol
41:19 Arrowslits
42:24 Szlachta Privileges
43:23 Banking
43:59 Blast Furnace
43:07 Siege Engineers
42:55 Guard Tower
42:46 Winged Hussar
43:57 Man-at-Arms
43:58 Heavy Mounted Crossbowman
44:00 Capped Ram
44:29 Long Swordsman
45:47 Two-Handed Swordsman
SpiderPig
15:18 Feudal Age
16:42 Double-Bit Axe
16:41 Horse Collar
16:31 Man-at-Arms
20:00 Wheelbarrow
22:43 Gold Mining
25:29 Castle Age
26:36 Hand Cart
28:05 Long Swordsman
29:21 Bow Saw
32:01 Gold Shaft Mining
31:24 Stone Mining
37:57 Husbandry
37:21 Pikeman
39:47 Corvinian Army
Axleaddict
3:42 Loom
14:04 Feudal Age
18:43 Castle Age
16:52 Double-Bit Axe
17:45 Scale Barding Armor
17:39 Gold Mining
20:26 Forging
24:11 Town Watch
28:34 Wheelbarrow
29:56 Bow Saw
34:22 Imperial Age
32:33 Stone Mining
33:18 Gold Shaft Mining
33:21 Iron Casting
33:50 Hand Cart
33:14 Ordonnance Companies
33:58 Scale Mail Armor
34:19 Chain Barding Armor
34:12 Husbandry
35:30 Conscription
34:36 Cavalier
37:04 Chivalry
37:13 Chivalry
37:07 Paladin
38:55 Plate Barding Armor
39:21 Blast Furnace
40:45 Chain Mail Armor
RIP
13:02 Feudal Age
13:33 Double-Bit Axe
17:04 Horse Collar
20:42 Castle Age
21:33 Heavy Plow
21:48 Bow Saw
28:10 Gold Mining
28:14 Stone Mining
31:14 Chieftains
33:54 Imperial Age
32:03 Squires
31:52 Arson
32:33 Forging
32:23 Scale Mail Armor
32:33 Scale Barding Armor
33:22 Gold Shaft Mining
33:35 Chieftains
36:29 Caravan
37:06 Conscription
36:24 Elite Varangian Guard
39:57 Chemistry
39:52 Iron Casting
39:32 Chain Mail Armor
39:39 Chain Barding Armor
45:06 Blast Furnace
44:36 Plate Mail Armor
Connection lost

Rejoining the realm…

Still unreachable

The connection could not be restored.

Session expired

The server has moved on; the page needs a fresh start.